 Dungeon Crawl Stone Soup version 0.31-a0-112-gdf0485fa37 (webtiles) character file.

Game seed: 4498041221068432661

30339 Conn the Arsonist (level 13, -2/68 HPs)
             Began as an Octopode Fire Elementalist on May 28, 2023.
             Was an Elder of Sif Muna.
             Slain by Beaer's ghost (34 damage)
             ... on level 12 of the Dungeon.
             The game lasted 00:59:33 (16518 turns).

Conn the Arsonist (Octopode Fire Elementalist)     Turns: 16518, Time: 00:59:41

Health: -2/68      AC:  9    Str:  6      XL:     13   Next: 51%
Magic:  18/28      EV: 19    Int: 19 (21) God:    Sif Muna [****..]
Gold:   1013       SH:  0    Dex: 13      Spells: 11/35 levels left

rFire   + . .        O - staff of fire
rCold   + . .        (no shield)
rNeg    . . .        (helmet restricted)
rPois   .            g - amulet of the acrobat
rElec   +            y - +4 ring of protection
rCorr   +            C - +4 ring of protection
SInv    +            w - ring of Womitiust {rCorr SInv}
Will    .....        E - ring of Ruiquer {rElec EV+5}
Stlth   ++++         L - ring of protection from cold
HPRegen 0.31/turn    (no ring)
MPRegen 0.21/turn    (no ring)
                     (no ring)

%: acrobat
@: brilliant, invisible
A: almost no armour, amphibious, 8 rings, camouflage 1, gelatinous body 1,
(nimble swimmer 1), tentacles, frail 1, weak 1
a: Renounce Religion, Channel Magic, Forget Spell, Divine Exegesis


You were on level 12 of the Dungeon.
You worshipped Sif Muna.
Sif Muna was greatly pleased with you.
You visited 1 branch of the dungeon, and saw 13 of its levels.

You collected 1445 gold pieces.
You spent 432 gold pieces at shops.

Inventory:

Hand Weapons
 D - a +3 flail of protection
 M - the +6 long sword of Trauma {freeze, rF+ Stlth+}
   (You took it off a death knight on level 11 of the Dungeon)

   rF:        It protects you from fire.
   Stlth:     It makes you more stealthy.
Missiles
 p - 3 throwing nets
 u - 2 curare-tipped darts
Magical Staves
 O - a staff of fire (weapon)
Jewellery
 g - an amulet of the acrobat (around mantle)
 q - a ring of ice
 w - the ring of Womitiust (on tentacle) {rCorr SInv}
   (You found it on level 11 of the Dungeon)

   [ring of see invisible]

   SInv:      It lets you see invisible.
   rCorr:     It protects you from acid and corrosion.
 y - a +4 ring of protection (left tentacle)
 C - a +4 ring of protection (right tentacle)
 E - the ring of Ruiquer (on tentacle) {rElec EV+5}
   (You found it on level 8 of the Dungeon)

   [ring of evasion]

   EV:        It affects your evasion (+5).
   rElec:     It insulates you from electricity.
 L - a ring of protection from cold (on tentacle)
Wands
 b - a wand of digging (5)
 s - a wand of flame (22)
 z - a wand of mindburst (4)
 A - a wand of polymorph (8)
 G - a wand of charming (4)
Scrolls
 c - 2 scrolls of magic mapping
 d - 2 scrolls of blinking
 j - a scroll of poison
 k - 2 scrolls of brand weapon
 x - 2 scrolls of identify
Potions
 a - a potion of magic
 e - 5 potions of curing
 f - 3 potions of enlightenment
 h - 4 potions of attraction
 i - a potion of resistance
 l - 3 potions of brilliance
 m - a potion of cancellation
 n - 2 potions of ambrosia
 t - a potion of mutation
 H - a potion of invisibility
 I - 2 potions of might
 J - a potion of berserk rage
 N - a potion of haste
Miscellaneous
 K - a phial of floods


   Skills:
 + Level 2.9 Fighting
 + Level 1.6(2.0) Short Blades
 + Level 1.5(1.9) Long Blades
 + Level 3.9 Maces & Flails
 + Level 0.2(2.4) Staves
 + Level 4.8 Dodging
 - Level 5.8 Stealth
 + Level 1.9 Unarmed Combat
 + Level 11.8 Spellcasting
 * Level 9.0 Conjurations
 + Level 3.3 Hexes
 * Level 3.6 Summonings
 + Level 12.0 Fire Magic
 * Level 3.6 Air Magic
 * Level 6.2 Invocations
 + Level 0.3 Evocations


You had 11 spell levels left.
You knew the following spells:

 Your Spells              Type           Power      Damage    Failure   Level
a - Foxfire               Conj/Fire      100%       2x1d9     1%          1
b - Scorch                Fire           100%       2d9       1%          2
c - Inner Flame           Hex/Fire       74%        N/A       1%          3
d - Flame Wave            Conj/Fire      86%        2d18      1%          4
e - Summon Small Mammal   Summ           100%       N/A       1%          1
f - Summon Guardian Gole  Hex/Summ       36%        N/A       4%          3
g - Call Canine Familiar  Summ           37%        N/A       4%          3
h - Swiftness             Air            37%        N/A       4%          3
i - Airstrike             Air            18%        2d(3-19)  14%         4

Your spell library contained the following spells:

 Spells                   Type           Power      Damage    Failure   Level
 Shock                    Conj/Air       100%       1d9       1%          1
 Volatile Blastmotes      Fire/Tloc      100%       2d18      1%          3
 Ensorcelled Hibernation  Hex/Ice        52%        N/A       4%          2
 Apportation              Tloc           32%        N/A       6%          1
 Necrotise                Necr           64%        1d7       6%          1
 Lesser Beckoning         Tloc           32%        N/A       10%         2
 Passwall                 Tmut/Erth      13%        N/A       10%         2
 Gell's Gravitas          Tloc           16%        N/A       19%         3
 Teleport Other           Tloc           16%        N/A       19%         3
 Summon Cactus Giant      Summ           18%        N/A       91%         6


Dungeon Overview and Level Annotations

Branches:
Dungeon (13/15)            Temple (0/1) D:7            Lair (0/5) D:9
    Orc (0/2) D:10
 Vaults: D:13-14

Altars:
Ashenzari
Dithmenos
Elyvilon
Kikubaaqudgha
Makhleb
Nemelex Xobeh
Sif Muna
Uskayaw
Wu Jian
Xom
Zin

Shops:
D:8 =

Annotations:
D:3 2 runed translucent doors, Beaer's ghost, amateur FoHu
D:11 3 runed translucent doors, Zigma's ghost, journeyman DrMo
D:12 1 transporter, Beaer's ghost, journeyman FoHu


Innate Abilities, Weirdness & Mutations

You cannot wear most types of armour.
You are amphibious.
You can wear up to eight rings at the same time.
Your skin changes colour to match your surroundings (Stealth+).
Your rubbery body absorbs attacks. (AC +1, EV +1)
((You are camouflaged when in or above water. (Stealth+)))
You have tentacles for arms and can constrict up to eight enemies at once.
You are frail. (-10% HP)
You are weak. (Str -2)


Message History

Press: ? - help, Dir - look around, f - activate You feel a strong surge of power!
A wave of flame ripples out!
The flame wave engulfs the quasit!
The quasit resists.
You kill the quasit!
Sif Muna accepts your kill. (Press . to intensify the flame waves.)
A wave of flame ripples out!
The flame wave engulfs the neqoxec!!
The neqoxec is heavily wounded.
The flame wave engulfs Beaer's ghost!
Beaer's ghost is burned terribly!
Beaer's ghost is lightly damaged.
The neqoxec gestures at you.
Strange energies course through your body.
You feel frail.
A wave of flame ripples out!
The flame wave engulfs Beaer's ghost but does no damage.
Beaer's ghost is lightly damaged.
The flame wave engulfs the neqoxec.
The neqoxec is severely wounded.
You finish channelling waves of flame.
The neqoxec gestures at you.
Beaer's ghost is unaffected.
Beaer's ghost hits you!!!
Ouch! That really hurt!
Casting: Flame Wave (dangerous; 1% risk of failure)
Confirm with . or Enter, or press ? or * to list all spells.
Okay, then.
Unknown command.
Unknown command.
Unknown command.
Unknown command.
Unknown command.
Okay, then.
Unknown command.
Unknown command.
Casting: Flame Wave (dangerous; 1% risk of failure)
Confirm with . or Enter, or press ? or * to list all spells.
You feel a surge of power!
A guardian golem appears, shielding your allies.
Beaer's ghost hits you!!
Ouch! That really hurt!
You die...

##.#####.# #
#######..#####'## #
###...............#
########...####.©.####...#
...[.....###. #####..##..#
........##..#.$?!)....#..#
........#....###=..##.##.#
........##.#..33.#.....#.#
.........#5..#.W@..##..#.#
.........#.$##..#......#.#
.........#....#. 9#...##.#
#'.#####.##..... #...©#..#
..## #..##3### .#####.##
'########..###©####.....#
......# ##..........#######
......# #####............#
......########)...........#


You could see 2 neqoxecs, Beaer's ghost and a friendly guardian golem
(summoned).

Vanquished Creatures
  2 vault guards (D:13)
  Erolcha (D:12)
  An ogre mage (D:11)
  2 boulder beetles
  A two-headed ogre (D:11)
  2 centaur warriors
  2 death knights (D:11)
  Nergalle (D:12)
  Lodul (D:13)
  A deep elf archer (D:13)
  A wizard (D:13)
  Pikel (D:6)
  An orc knight (D:13)
  An ugly thing (D:11)
  A manticore (D:11)
  3 cyclopes
  3 gargoyles
  Psyche (D:9)
  3 unseen horrors
  A kobold demonologist (D:11)
  A komodo dragon (D:11)
  2 polar bears (D:12)
  6 trolls
  A hornet (D:9)
  3 centaur simulacra (D:12)
  12 slime creatures (D:12)
  3 shadows (D:11)
  3 wraiths (D:11)
  2 vampires
  A water elemental (D:12)
  A steam dragon (D:9)
  2 basilisks (D:11)
  18 yaks
  A neqoxec (D:12)
  7 vampire mosquitoes (D:11)
  Edmund (D:6)
  3 wargs (D:10)
  An acid dragon (D:9)
  Duvessa (D:5)
  10 orc warriors
  6 ice beasts
  A sky beast (D:7)
  6 ogres (D:13)
  A wolf (D:12)
  5 centaurs
  2 lemures (D:6)
  A phantom (D:5)
  Blork the orc (D:4)
  3 kobold brigands
  3 scorpions
  5 bullfrogs
  7 wights
  Dowan (D:5)
  9 killer bees
  12 howler monkeys
  A hound (D:6)
  3 quasits (D:12)
  4 orc priests
  A gnoll bouda (D:6)
  2 jellies
  17 orc wizards
  9 gnolls
  7 adders
  6 white imps
  An ufetubus (D:12)
  4 worms
  A dart slug (D:4)
  47 orcs
  8 endoplasms
  3 giant cockroaches
  4 goblins
  5 hobgoblins
  5 jackals
  5 quokkas
  7 ball pythons
  3 bats
  8 frilled lizards
  17 kobolds
  5 rats
345 creatures vanquished.

Vanquished Creatures (others)
  An orc sorcerer (D:13)
  920 foxfires
921 creatures vanquished.

Grand Total: 1266 creatures vanquished

Notes
Turn   | Place    | Note
-------+----------+-------------------------------------------
     0 | D:1      | Conn the Octopode Fire Elementalist began the quest for the
                  | Orb.
     0 | D:1      | Reached XP level 1. HP: 11/11 MP: 3/3
   131 | D:1      | Found a faded altar of an unknown god.
   967 | D:2      | Reached XP level 2. HP: 17/17 MP: 1/5
  1215 | D:2      | Reached XP level 3. HP: 13/21 MP: 1/6
  1824 | D:2      | Reached XP level 4. HP: 10/27 MP: 7/7
  2056 | D:3      | Reached skill level 4 in Fire Magic
  2304 | D:3      | Found a large runed translucent door.
  2304 | D:3      | Found a large runed translucent door.
  2360 | D:3      | Reached XP level 5. HP: 18/31 MP: 1/9
  2683 | D:3      | Found a burning altar of Makhleb.
  2906 | D:3      | Reached XP level 6. HP: 37/37 MP: 5/11
  3079 | D:3      | Noticed Beaer's ghost (amateur FoHu)
  3124 | D:3      | Learned a level 2 spell: Scorch
  3128 | D:3      | Learned a level 3 spell: Inner Flame
  3133 | D:3      | Learned a level 4 spell: Flame Wave
  3408 | D:4      | Reached skill level 1 in Short Blades
  3439 | D:4      | Noticed Blork the orc
  3448 | D:4      | Killed Blork the orc
  3714 | D:5      | Entered Level 5 of the Dungeon
  3714 | D:5      | Noticed an ice beast
  3722 | D:4      | Killed an ice beast
  3723 | D:4      | Reached XP level 7. HP: 23/42 MP: 3/13
  3977 | D:5      | Reached skill level 5 in Fire Magic
  4529 | D:5      | Reached skill level 5 in Spellcasting
  4529 | D:5      | Reached XP level 8. HP: 47/47 MP: 7/15
  5006 | D:5      | Noticed Duvessa
  5007 | D:5      | Noticed Dowan
  5018 | D:5      | Killed Dowan
  5020 | D:5      | Killed Duvessa
  5021 | D:5      | Reached skill level 6 in Fire Magic
  5246 | D:6      | Noticed Pikel
  5375 | D:6      | Noticed Edmund
  5408 | D:6      | Killed Edmund
  5580 | D:6      | Reached skill level 1 in Hexes
  5717 | D:6      | Killed Pikel
  5718 | D:6      | Reached skill level 7 in Fire Magic
  5718 | D:6      | Reached XP level 9. HP: 52/52 MP: 0/18
  6256 | D:6      | Reached skill level 5 in Conjurations
  6581 | D:7      | Found a staircase to the Ecumenical Temple.
  6654 | D:7      | Reached skill level 1 in Fighting
  6949 | D:7      | Reached skill level 8 in Fire Magic
  6952 | D:7      | Found a shimmering blue altar of Sif Muna.
  7087 | D:7      | Became a worshipper of Sif Muna the Loreminder
  7819 | D:8      | Found Zadwaah's Jewellery Emporium.
  7849 | D:8      | Bought a +4 ring of protection for 432 gold pieces
  8168 | D:8      | Identified the ring of Ruiquer {rElec EV+5}
  8186 | D:8      | Reached XP level 10. HP: 58/58 MP: 21/21
  8442 | D:9      | Noticed Psyche
  8447 | D:9      | Killed Psyche
  8448 | D:9      | Reached skill level 1 in Maces & Flails
  8634 | D:9      | Found a staircase to the Lair.
  8661 | D:9      | Reached skill level 5 in Stealth
  8663 | D:9      | Reached skill level 1 in Unarmed Combat
  8938 | D:9      | Reached * piety under Sif Muna
  9214 | D:9      | Reached skill level 9 in Fire Magic
  9238 | D:9      | Found a shadowy altar of Dithmenos.
  9238 | D:9      | Found an ancient bone altar of Kikubaaqudgha.
  9239 | D:9      | Found a sparkling altar of Nemelex Xobeh.
  9240 | D:9      | Found a broken altar of Ashenzari.
  9240 | D:9      | Found a white marble altar of Elyvilon.
  9240 | D:9      | Found a shimmering altar of Xom.
  9242 | D:9      | Found a glowing silver altar of Zin.
  9242 | D:9      | Found a hide-covered altar of Uskayaw.
  9242 | D:9      | Found an ornate altar of the Wu Jian Council.
  9313 | D:10     | Entered Level 10 of the Dungeon
  9318 | D:10     | Killed an unseen horror
  9777 | D:10     | Reached XP level 11. HP: 63/63 MP: 10/24
  9809 | D:10     | Found a staircase to the Orcish Mines.
 10603 | D:10     | Reached ** piety under Sif Muna
 10943 | D:11     | Noticed a minotaur
 10943 | D:11     | Noticed Zigma's ghost (journeyman DrMo)
 10945 | D:11     | Noticed a tengu warrior
 10946 | D:11     | Noticed an ogre mage
 10946 | D:11     | Noticed a cyclops
 10998 | D:11     | Killed an ogre mage
 10999 | D:11     | Reached skill level 10 in Fire Magic
 10999 | D:11     | Reached skill level 1 in Invocations
 11213 | D:11     | Found a runed translucent gate.
 11213 | D:11     | Found a runed translucent gate.
 11213 | D:11     | Found a runed translucent gate.
 11420 | D:11     | Noticed a two-headed ogre
 11433 | D:11     | Killed a two-headed ogre
 11434 | D:11     | Reached skill level 10 in Spellcasting
 11964 | D:11     | Identified the ring of Womitiust {rCorr SInv}
 12191 | D:11     | Noticed a death knight
 12192 | D:11     | Noticed a white ugly thing
 12474 | D:11     | Killed a death knight
 12619 | D:11     | Identified the +6 long sword of Trauma {freeze, rF+ Stlth+}
 12619 | D:11     | Noticed a death knight
 12692 | D:11     | Killed a death knight
 12693 | D:11     | Reached XP level 12. HP: 8/72 MP: 8/26
 12966 | D:11     | Identified the +0 robe of Indomitability {Fly rPois Int-5
                  | Archmagi}
 12966 | D:11     | Noticed a centaur warrior
 12973 | D:11     | Killed a centaur warrior
 13437 | D:11     | Reached skill level 11 in Fire Magic
 13448 | D:11     | Reached skill level 1 in Long Blades
 13697 | D:11     | Noticed a boulder beetle
 13728 | D:11     | Killed a boulder beetle
 14081 | D:11     | Learned a level 1 spell: Summon Small Mammal
 14085 | D:11     | Learned a level 3 spell: Summon Guardian Golem
 14089 | D:11     | Learned a level 3 spell: Call Canine Familiar
 14093 | D:11     | Learned a level 3 spell: Swiftness
 14098 | D:11     | Learned a level 4 spell: Airstrike
 14159 | D:12     | Reached *** piety under Sif Muna
 14340 | D:12     | Reached skill level 1 in Air Magic
 14341 | D:12     | Reached skill level 1 in Summonings
 14488 | D:12     | Noticed Nergalle
 14614 | D:12     | Noticed Erolcha
 14652 | D:12     | Reached skill level 5 in Invocations
 14661 | D:12     | Killed Nergalle
 14761 | D:12     | Killed Erolcha
 14762 | D:12     | Reached XP level 13. HP: 69/76 MP: 4/28
 14968 | D:13     | Noticed Lodul
 14978 | D:13     | Killed Lodul
 15426 | D:13     | Noticed a vault guard
 15461 | D:13     | Killed a vault guard
 15599 | D:13     | Noticed a vault guard
 15611 | D:13     | Killed a vault guard
 16120 | D:12     | Reached **** piety under Sif Muna
 16121 | D:12     | Reached skill level 12 in Fire Magic
 16203 | D:12     | Found a transporter.
 16210 | D:12     | Noticed Beaer's ghost (journeyman FoHu)
 16414 | D:12     | Found a transporter.
 16513 | D:12     | Gained mutation: You are weak. (Str -2) [a neqoxec]
 16516 | D:12     | Gained mutation: You are frail. (-10% HP) [a neqoxec]
 16518 | D:12     | Slain by Beaer's ghost

Illustrated notes

Levels and vault maps discovered:
D:1:      dpeg_arrival_orchard, layout_basic,
          shapermc_ecumenical_altar_mp_vishouse
D:2:      layout_loops_cross
D:3:      minmay_chambers_of_threes, layout_basic,
          lemuel_coloured_pillars_altar, ebering_ghost_disaster_area,
          chequers_serial_rivers_small_3, st_stairs_13, minmay_bisected
D:4:      layout_gridville, serial_glass, glass_columns_b, glass_columns_a,
          glass_columns_c, glass_columns_a, glass_columns_b, glass_columns_a,
          glass_columns_c, glass_columns_a, glass_columns_b, glass_columns_a,
          glass_columns_a, glass_columns_a, glass_columns_a, glass_columns_a,
          uniq_blork_the_orc
D:5:      nicolae_cairo_tiling, layout_cave_pods, portal_sewer_entry_e,
          dk_noncrumbling_3, uniq_duvessa
D:6:      layout_basic, minivault_25, uniq_pikel, uniq_edmund
D:7:      layout_gridville, kennysheep_orc_sif_temple,
          minmay_temple_entry_statues_pillars
D:8:      layout_rooms, roderic_roman_lattice, minmay_shop_enchanted_jewellery
D:9:      layout_roguey, nicolae_overflows_in_rows, lair_entry_dummy,
          dreamdust_mushroom_princess, uniq_psyche
D:10:     layout_gridville, david_orc_1_choice, nicolae_kite_square_tiling_tiny
D:11:     minmay_the_grid_octo_2x2 [minmay_the_grid_octo_toaster,
          minmay_the_grid_octo_thin_diamonds, minmay_the_grid_octo_horde,
          minmay_the_grid_octo_prize_star], layout_basic,
          maelrawn_ghost_gauntlet_escape, minivault_11,
          minmay_mirror_moons_of_madness
D:12:     layout_roguey, gammafunk_ghost_stat_death, serial_ice, serial_ice_k,
          serial_ice_f, serial_ice_a, serial_ice_m, serial_ice_h, serial_ice_o,
          serial_ice_g, uniq_erolcha, uniq_nergalle
D:13:     kennysheep_green_arena, layout_rooms, grunt_vaults_entry_fortified,
          uniq_lodul

Skill      XL: |  1  2  3  4  5  6  7  8  9 10 11 12 13 |
---------------+----------------------------------------+-----
Stealth        | 3 4 5 |  5.8
Fire Magic     | 4 5 7 8 9 10 11 12 | 12.0
Spellcasting   | 3 4 5 6 7 9 10 11 | 11.8
Conjurations   | 2 3 4 5 6 7 8 9 |  9.0
Short Blades   | 1 |  1.6
Dodging        | 3 4 |  4.8
Hexes          | 1 2 3 |  3.3
Fighting       | 1 2 |  2.9
Maces & Flails | 3 |  3.9
Unarmed Combat | 1 |  1.9
Invocations    | 3 5 6 |  6.2
Long Blades    | 1 |  1.5
Air Magic      | 2 3 |  3.6
Summonings     | 2 3 |  3.6
Staves         | |  0.2
Evocations     | |  0.3

Action                     |  1- 3 |  4- 6 |  7- 9 | 10-12 | 13-15 || total
---------------------------+-------+-------+-------+-------+-------++-------
  Melee: Unarmed           |    18 |       |       |    11 |       ||    29
         Tentacles         |     5 |    13 |    17 |    16 |     8 ||    59
         Constrict         |     4 |    13 |    11 |     6 |       ||    34
         Punch             |     1 |     1 |     2 |     2 |       ||     6
         Short sword       |       |    36 |     5 |       |       ||    41
         Dagger            |       |       |    32 |       |       ||    32
         Flail             |       |       |    13 |    41 |       ||    54
         Long sword        |       |       |       |    19 |       ||    19
         Staff             |       |       |       |     4 |    18 ||    22
   Cast: Foxfire           |    50 |    84 |   169 |   118 |   116 ||   537
         Scorch            |       |     4 |    30 |   104 |    17 ||   155
         Inner Flame       |       |       |     6 |    20 |    14 ||    40
         Flame Wave        |       |       |     8 |    51 |    14 ||    73
         Summon Guardian G |       |       |       |       |     3 ||     3
         Call Canine Famil |       |       |       |       |     2 ||     2
 Invoke: Channel Magic     |       |       |       |     1 |       ||     1
  Evoke: Wand              |       |       |       |     1 |       ||     1
         Phial of floods   |       |       |       |     1 |       ||     1
    Use: Potion            |       |     2 |     1 |     6 |     2 ||    11
         Scroll            |       |     6 |     3 |    11 |     4 ||    24
   Stab: Sleeping          |       |     2 |     4 |     1 |       ||     7
 Armour: Skin              |     3 |     9 |    11 |    58 |    11 ||    92
  Dodge: Dodged            |    17 |    25 |    53 |   145 |    82 ||   322

Table legend: (Time is in decaauts)
 A = Elapsed time spent in this place.
 B = Non-inter-level travel time spent in this place.
 C = Inter-level travel time spent in this place.
 D = Time resting spent in this place.
 E = Time spent auto-exploring this place.
 F = Levels seen in this place.
 G = Mean time per level.
                   A        B        C        D        E       F      G
               +--------+--------+--------+--------+--------+-----+--------+
         Total |  16544 |  16348 |    196 |    689 |  11061 |  13 | 1272.6 |
       Dungeon |  16544 |  16348 |    196 |    689 |  11061 |  13 | 1272.6 |
               +--------+--------+--------+--------+--------+-----+--------+

Top non-repeatable levels by time:
    D:11: 3217 daAuts
    D:10: 1497 daAuts
     D:5: 1452 daAuts
    D:12: 1421 daAuts
     D:7: 1264 daAuts
     D:6: 1207 daAuts
     D:2: 1108 daAuts
     D:3: 1031 daAuts
     D:9: 1023 daAuts
     D:1: 1010 daAuts
    D:13: 971 daAuts
     D:4: 702 daAuts
     D:8: 634 daAuts
